Unix NetHack Version 3.7.0-89 Work-in-progress - last build Sep 7 2023 15:16:41 (8494bff02b67719303c47e298deaa89034127798,branch:master). Game began 2023-09-22 18:33:03, ended 2023-09-22 18:49:56. Merlek, lawful male human Samurai --------------------------------# ...............................|# |...------+-----.----..-----...|# |...|((.| |%%.-.-..|--|. |...[# |...|(.(| |%(.|.|..| !@ |..(|# ....|...|-------.---| . |.).|## |...--|--.....".....--+---|-...|# |..............................|# |........{.--[----.{......@..a.|# |..........|... |.............|# ----------- |...-|---..|.....|....--|--..ea|# ## |.........| |...|.].--||..)..|.-|--. .----@|##########|.........| |...|+++| .|.....|.|.. |.|# #|.......<.| |...|.?.|..|------.|..| +.|# #..........| |...--------.......-----------.|# |.........| ...............................|##########|.........| -------------------------------- ----------- Merlek the Ninja St:18/01 Dx:14 Co:17 In:9 Wi:8 Ch:8 Lawful Dlvl:5 $:22 HP:0(64) Pw:28(28) AC:4 Xp:6/584 T:2834 Hungry Burdened Latest messages: You stumble into a spider web! You disentangle yourself. "Irasshaimase, Merlek! Welcome to Trahnil's hardware store!" You see here a glass orb (for sale, 80 zorkmids). You see here an expensive camera (for sale, 267 zorkmids). You see here a looking glass (for sale, 13 zorkmids). You see here a looking glass (for sale, 18 zorkmids). "Irasshaimase, Merlek! Welcome to Kinnegad's rare books!" This door is locked. Unlock it with your key? [ynq] (q) The giant ant bites! The giant ant bites! The giant ant bites! You miss the giant ant. The giant ant bites! The giant ant just misses! You are beginning to feel hungry. You miss the giant ant. The giant ant bites! You hit the giant ant! The giant ant bites! You miss the giant ant. The giant ant bites! The giant ant bites! You kill the giant ant! You hit the floating eye! You are frozen by the floating eye's gaze! The giant ant bites! The giant ant bites! The giant ant bites! The giant ant bites! The giant ant bites! The giant ant bites! The giant ant bites! The giant ant bites! The giant ant bites! The giant ant bites! The giant ant bites! The giant ant bites! The giant ant bites! The giant ant bites! The giant ant bites! The giant ant bites! The giant ant bites! The giant ant bites! The giant ant bites! The giant ant bites! The giant ant bites! You die... Do you want your possessions identified? [ynq] (n) Inventory: Coins $ - 22 gold pieces Amulets X - a cursed amulet versus poison Weapons d - 37 uncursed +0 ya (in quiver) c - an uncursed +0 yumi (alternate weapon; not wielded) a - an uncursed +0 katana (weapon in hand) b - a blessed +0 wakizashi Armor e - a blessed rustproof +0 splint mail (being worn) Comestibles W - 11 cursed apples Y - an uncursed gunyoki Wands x - an uncursed wand of digging (0:5) Tools I - an uncursed sack containing 24 items Q - a cursed bugle U - an uncursed brass lantern l - an uncursed oil lamp named p940 k - an uncursed skeleton key T - a cursed tallow candle j - an uncursed tin whistle J - an uncursed tin whistle Gems/Stones M - an uncursed black opal h - 2 uncursed worthless pieces of blue glass Contents of the sack: 439 gold pieces an uncursed +0 orcish helm a blessed +1 orcish helm a blessed +2 pair of elven boots a blessed +0 pair of speed boots 2 uncursed potatoes an uncursed fortune cookie 4 uncursed gunyoki an uncursed pancake 2 uncursed tripe rations an uncursed scroll of identify a cursed scroll of confuse monster an uncursed scroll of light an uncursed scroll of fire an uncursed scroll of create monster an uncursed potion of healing an uncursed potion of sickness an uncursed potion of object detection an uncursed potion of confusion an uncursed potion of restore ability an uncursed potion of enlightenment an uncursed potion of sake an uncursed ring of searching an uncursed wand of polymorph (0:6) Merlek the Samurai's attributes: Background: You were a Ninja, a level 6 male human Samurai. You were lawful, on a mission for Amaterasu Omikami who was opposed by Raijin (neutral) and Susanowo (chaotic). You were in the Gnomish Mines, on level 5. You entered the dungeon 2834 turns ago. You had 584 experience points, 56 more were needed to attain level 7. Basics: You had 0 out of 64 hit points. You had all 28 energy points (spell power). Your armor class was 4. Your wallet contained 22 zorkmids, and you had 439 more stashed away in your pack. Autopickup was on for '$=?"/!%' plus thrown, with exceptions. Final Characteristics: Your strength was 18/01 (limit:18/100). Your dexterity was 14 (limit:18). Your constitution was 17 (limit:18). Your intelligence was 9 (limit:18). Your wisdom was 8 (limit:18). Your charisma was 8 (limit:18). Final Status: You were hungry. You were burdened; movement was slightly slowed. You were wielding a long sword. You had basic skill with long sword and could have enhanced that. Final Attributes: You were piously aligned. You were warded. You were fast. You are dead. Miscellaneous: You encountered 1 bones level. Total elapsed playing time was 16 minutes and 53 seconds. Major events: Turn 1: Merlek the lawful male human Samurai entered the dungeon 251: entered the Gnomish Mines 806: attained the rank of Ronin (level 3) 2162: attained the rank of Ninja (level 6) 2555: reached Mine Town 2834: killed by a giant ant, while frozen by a floating eye's gaze Vanquished creatures: a gnome ruler an imp 2 rock piercers a pony a yellow light a shrieker 3 gnome leaders 2 gnomish wizards a kobold mummy 2 gray oozes a giant ant a little dog a dwarf 5 hill orcs 3 rothes a rabid rat a centipede a dwarf zombie a wererat an iguana a large kobold 2 hobgoblins a cave spider 2 yellow molds a green mold 2 red molds 18 gnomes 5 garter snakes 3 geckos 5 jackals a fox a kobold 2 goblins 4 sewer rats 4 grid bugs a bat 2 lichens 3 newts 89 creatures vanquished. No species were genocided or became extinct. Voluntary challenges: You read items or engraved 2 times. You never engraved Elbereth. You never genocided any monsters. You never polymorphed an object. You never changed form. You used no wishes. Achievements: You entered the Gnomish Mines. You entered a shop. You attained the rank of Ronin. You attained the rank of Ninja. You entered Minetown. The Dungeons of Doom: levels 1 to 7 Level 1: Level 2: Stairs down to The Gnomish Mines. Level 3: A shop, some fountains. Level 4: A potion shop, a fountain. Level 5: A fountain. Level 6: A fountain. Level 7: The Gnomish Mines: levels 3 to 5 Level 3: Level 4: Level 5: <- You were here. Some shops, an altar to Amaterasu Omikami, some fountains. Final resting place for you, killed by a giant ant, while frozen by a floating eye's gaze, nekochan-Kni-Hum-Fem-Law, killed by a hill orc. Game over: ---------- / \ / REST \ / IN \ / PEACE \ / \ | Merlek | | 461 Au | | killed by a | | giant ant | | | | | | 2023 | *| * * * | * _________)/\\_//(\/(/\)/\//\/|_)_______ Sayonara Merlek the Samurai... You died in The Gnomish Mines on dungeon level 5 with 3061 points, and 461 pieces of gold, after 2834 moves. You were level 6 with a maximum of 64 hit points when you died.